 Dungeon Crawl Stone Soup version 0.30-a0-219-gf2db51d15e (webtiles) character file.

Game seed: 10270068356073035089

1357 lunkers the Cleaver (level 9, 0/70 HPs)
             Began as a Meteoran Berserker on Oct 8, 2022.
             Was a Believer of Trog.
             Slain by Erica
             ... wielding a +1 scimitar of flaming
              (1 damage)
             ... on level 8 of the Dungeon.
             The game lasted 00:07:33 (1681 turns).

lunkers the Cleaver (Meteoran Berserker)            Turns: 1681, Time: 00:07:34

Health: 0/70       AC:  7    Str: 23    XL:     9   Next: 16%
Magic:  10/10      EV: 11    Int:  8    God:    Trog [**....]
Gold:   224        SH:  0    Dex: 21    Spells: 8/8 levels left

rFire   . . .      SeeInvis .    b - +0 battleaxe
rCold   . . .      Faith    .    (shield currently unavailable)
rNeg    + . .      Spirit   .    y - +0 scale mail
rPois   .          Reflect  .    (no helmet)
rElec   .          Harm     .    (no cloak)
rCorr   .          Rampage  .    (no gloves)
Will    +....                    q - +0 pair of boots
Stlth   ..........               (no amulet)
HPRegen 0.31/turn                j - +6 ring of dexterity
MPRegen 0.12/turn                r - ring of positive energy

@: lethally poisoned (0 -> -7), about to teleport, on berserk cooldown, slowed,
glowing, very slow
A: sense surroundings 2, otherworldly, glowing, explore regen
a: Renounce Religion, Berserk, Trog's Hand


You were on level 8 of the Dungeon.
You worshipped Trog.
Trog was pleased with you.
You visited 1 branch of the dungeon, and saw 8 of its levels.

You collected 224 gold pieces.

Inventory:

Hand Weapons
 a - a +0 flail of protection
 b - a +0 battleaxe (weapon)
 m - a +0 hand axe
 p - a +3 whip
Missiles
 c - 35 stones (quivered)
 d - 6 javelins
 o - 20 poisoned darts
 s - 6 boomerangs of dispersal
Armour
 q - a +0 pair of boots (worn)
 y - a +0 scale mail (worn)
Jewellery
 j - a +6 ring of dexterity (left hand)
 r - a ring of positive energy (right hand)
Wands
 w - a wand of paralysis (9)
Scrolls
 e - a scroll of teleportation
 h - a scroll of noise {unknown}
 i - a scroll of butterflies {unknown}
 k - a scroll of fear {unknown}
 v - a scroll of magic mapping {unknown}
 z - a scroll of enchant weapon {unknown}
Potions
 f - a potion of curing
 g - a potion of flight {unknown}
 l - a potion of brilliance {unknown}
 n - 2 potions of mutation
 t - 3 potions of haste
 u - a potion of ambrosia {unknown}
 x - 2 potions of heal wounds {unknown}


   Skills:
 - Level 3.2 Fighting
 * Level 12.7 Axes
 - Level 2.4 Armour
 - Level 2.4 Dodging


You had 8 spell levels left.
You didn't know any spells.
Your spell library was empty.

Dungeon Overview and Level Annotations

Branches:
Dungeon (8/15) Zot: 3024
 Temple: D:4-7         Lair: D:8-11

Altars:
Uskayaw
Wu Jian

Annotations:
D:8 Erica


Innate Abilities, Weirdness & Mutations

You passively map the area around you.
You are easily found by Zot.
You glow in the dark.
You regain HP and MP as you explore.


Message History

* * * LOW HITPOINT WARNING * * *
Unknown command.
Unknown command.
You are too confused!
You feel less confused.
The kobold throws a poisoned dart.
The poisoned dart hits you!
You are poisoned.
The orc wizard casts a spell.
The orc wizard flickers and vanishes!
Okay, then.
As you read the scroll of teleportation, it crumbles to dust.
You feel strangely unstable.
You feel very sick.
Unknown command.
Something hits you but does no damage. The kobold attacks as you move away!
The kobold barely misses you.
You feel sick.
The kobold throws a poisoned dart.
The kobold brigand throws a poisoned dart.
The kobold hits you with a +0 dagger.
* * * LOW HITPOINT WARNING * * *
You hear some strange, mumbled words.
You are confused.
You are too confused!
You bump into the rock wall.
You feel sick. Something hits you!
* * * LOW HITPOINT WARNING * * *
Something burns you.
* * * LOW HITPOINT WARNING * * *
Unknown command.
You feel better.
Your surroundings seem slightly different.
The kobold throws a poisoned dart.
The poisoned dart hits you!
You are poisoned.
As you read the scroll of teleportation, it crumbles to dust.
You feel strangely unstable.
You feel very sick. The kobold hits you but does no damage.
The kobold brigand throws a poisoned dart.
Something hits you!
* * * LOW HITPOINT WARNING * * *
Something burns you.
You die...

*** #..# * , ,,* #..# * , ,, ,
,* #..# #..# *.. * * ,...####.K#
#..# #.... ,,..^##..K.### #..##
#......
........KKK.###...##........*
##......####.K.##...#..........
##:..##..#* ##.K................
#...#*#..## ##@................
...#* ##..# ##................
..#* ##...## ##....#............
.#####.....# #....###...........
...........####...##
##.......... )...........##....#
##......... ..................#
##........ ..................##
###......##
...................####........#


You could see a kobold brigand and 6 kobolds.

Vanquished Creatures
  An ice beast (D:6)
  A black bear (D:6)
  3 centaurs
  A kobold brigand (D:7)
  A necrophage (D:4)
  7 wights
  A howler monkey (D:4)
  2 hounds
  3 orc priests
  3 iguanas
  2 orc wizards
  5 adders
  3 gnolls (D:5)
  A worm (D:4)
  7 orcs
  5 ball pythons
  3 bats (D:1)
  An endoplasm (D:4)
  A giant cockroach (D:1)
  5 hobgoblins
  3 quokkas
  5 goblins
  10 kobolds
74 creatures vanquished.

Notes
Turn   | Place    | Note
-------+----------+-------------------------------------------
     0 | D:1      | lunkers the Meteoran Berserker began the quest for the Orb.
     0 | D:1      | Reached XP level 1. HP: 19/19 MP: 2/2
    98 | D:1      | Reached skill level 4 in Axes
    98 | D:1      | Reached XP level 2. HP: 26/26 MP: 3/3
   257 | D:1      | Reached XP level 3. HP: 22/31 MP: 4/4
   341 | D:2      | You fall into a shaft and drop 1 floor!
   417 | D:3      | Reached skill level 5 in Axes
   417 | D:3      | Reached XP level 4. HP: 32/38 MP: 5/5
   447 | D:4      | Noticed a necrophage
   461 | D:4      | Killed a necrophage
   462 | D:4      | Reached skill level 6 in Axes
   462 | D:4      | Reached XP level 5. HP: 28/45 MP: 6/6
   503 | D:4      | Noticed a +0 hand axe
   503 | D:4      | Noticed a +0 dagger
   506 | D:4      | Found a hide-covered altar of Uskayaw.
   514 | D:4      | Reached skill level 7 in Axes
   594 | D:4      | Reached XP level 6. HP: 49/51 MP: 7/7
   595 | D:4      | Reached ** piety under Trog
   621 | D:5      | Entered Level 5 of the Dungeon
   642 | D:5      | Reached skill level 8 in Axes
   719 | D:4      | Reached XP level 7. HP: 35/57 MP: 8/8
   982 | D:6      | Reached skill level 9 in Axes
  1014 | D:6      | Reached skill level 10 in Axes
  1014 | D:6      | Reached XP level 8. HP: 61/63 MP: 9/9
  1161 | D:6      | Reached skill level 11 in Axes
  1333 | D:7      | Found an ornate altar of the Wu Jian Council.
  1371 | D:7      | HP: 3/82 [wight/+1 scimitar (8)]
  1478 | D:8      | Reached skill level 12 in Axes
  1479 | D:8      | Gained mutation: You passively map the area around you.
                  | [Meteoran growth]
  1479 | D:8      | Reached XP level 9. HP: 55/69 MP: 10/10
  1596 | D:8      | Identified the -1 pair of boots of the Lost Path {Dex+4}
  1666 | D:8      | Noticed Erica
  1681 | D:8      | HP: 1/70 [something (14)]
  1681 | D:8      | Slain by Erica

Illustrated notes

Levels and vault maps discovered:
D:1:      nzn_arrival_settlement, layout_loops_cross, minmay_tromino_v4_a
D:2:      layout_basic
D:3:      layout_loops_ring, marbit_many_paths, serial_shops, shop,
          dk_noncrumbling_3, minmay_lizard_king
D:4:      minmay_opposing_rooms, layout_basic, slow_altar_2,
          dancing_weapons_uskayaw, minmay_temple_entry_water_ring
D:5:      layout_rooms, nicolae_ru_path_of_blood,
          nicolae_yredelemnul_ghost_church,
          hangedman_abyss_or_decor_lesser_grid, minmay_fountain_box,
          saegor_snake_ambush
D:6:      layout_rooms
D:7:      layout_cave_pods, mainiacjoe_overflow_divided_tiny,
          nzn_wu_jian_contemplation, due_unseen_surprise
D:8:      layout_layer_cave, uniq_erica

Skill      XL: |  1  2  3  4  5  6  7  8 |
---------------+-------------------------+-----
Axes           | 4 5 6 7 8 10 12 | 12.7
Fighting       | |  3.2
Armour         | |  2.4
Dodging        | |  2.4

Action                   |  1- 3 |  4- 6 |  7- 9 || total
-------------------------+-------+-------+-------++-------
Melee: Hand axe          |    54 |    32 |       ||    86
       Flail             |       |    23 |    52 ||    75
       Battleaxe         |       |       |    65 ||    65
Throw: Stone             |       |     5 |       ||     5
Invok: Berserk           |       |     3 |     6 ||     9
  Use: Scroll            |       |       |     6 ||     6
       Potion            |       |       |     1 ||     1
Armor: Animal skin       |    24 |    12 |    37 ||    73
       Scale mail        |       |       |    31 ||    31
Dodge: Dodged            |    47 |    30 |   102 ||   179

Table legend: (Time is in decaauts)
 A = Elapsed time spent in this place.
 B = Non-inter-level travel time spent in this place.
 C = Inter-level travel time spent in this place.
 D = Time resting spent in this place.
 E = Time spent auto-exploring this place.
 F = Levels seen in this place.
 G = Mean time per level.
                   A        B        C        D        E       F      G
               +--------+--------+--------+--------+--------+-----+--------+
         Total |   1773 |   1706 |     67 |      0 |    658 |   8 |  221.6 |
       Dungeon |   1773 |   1706 |     67 |      0 |    658 |   8 |  221.6 |
               +--------+--------+--------+--------+--------+-----+--------+

Top non-repeatable levels by time:
     D:4: 365 daAuts
     D:6: 289 daAuts
     D:1: 262 daAuts
     D:7: 260 daAuts
     D:8: 218 daAuts
     D:5: 174 daAuts
     D:3: 120 daAuts
     D:2: 81 daAuts
